TOP OF THE 1ST |
Bismark Border Guards batting - Pitching for Red Deer Wranglers : RHP José Fernández
|
Pitching: RHP José Fernández
|
|
Batting: RHB Warren Martin
|
0-0: Foul Ball, location: 2F 0-1: Ball 1-1: Foul Ball, location: 2F 1-2: Ball 2-2: Foul Ball, location: 2F 2-2: Ball 3-2: Strikes out looking
|
Batting: RHB Vincent Braun
|
0-0: Foul Ball, location: 2F 0-1: Ball 1-1: Ball 2-1: Fly out, F9 (Flyball, 89D)
|
Batting: RHB Enrique Soto
|
0-0: Fly out, F8 (Flyball, 8RS)
|
Top of the 1st over - 0 runs, 0 hits, 0 errors, 0 left on base; Bismark 0 - Red Deer 0 |
BOTTOM OF THE 1ST |
Red Deer Wranglers batting - Pitching for Bismark Border Guards : RHP Michael Morris
|
Pitching: RHP Michael Morris
|
|
Batting: LHB Francisco Blanco
|
0-0: Ball 1-0: Ball 2-0: Called Strike 2-1: Ball 3-1: Called Strike 3-2: Fly out, F7 (Flyball, 7LM)
|
Batting: RHB Xavier López
|
0-0: Foul Ball, location: 2F 0-1: Ground out 6-3 (Groundball, 6)
|
Batting: RHB Pedro Cabrera
|
0-0: Called Strike 0-1: Fly out, F9 (Flyball, 9D)
|
Bottom of the 1st over - 0 runs, 0 hits, 0 errors, 0 left on base; Bismark 0 - Red Deer 0 |
TOP OF THE 2ND |
Bismark Border Guards batting - Pitching for Red Deer Wranglers : RHP José Fernández
|
Batting: RHB Enrique Mendoza
|
0-0: Foul Ball, location: 2F 0-1: Ball 1-1: Ball 2-1: Called Strike 2-2: Ball 3-2: Base on Balls
|
Batting: RHB Danny Spode
|
0-0: Ball 1-0: Ball 2-0: Swinging Strike 2-1: Called Strike Enrique Mendoza is caught stealing 2nd base 2-2: Foul Ball, location: 2F 2-2: Fly out, F8 (Flyball, 8LD)
|
Batting: RHB Doug Williams
|
0-0: Called Strike 0-1: Ball 1-1: Called Strike 1-2: Ball 2-2: Foul Ball, location: 2F 2-2: Strikes out swinging
|
Top of the 2nd over - 0 runs, 0 hits, 0 errors, 0 left on base; Bismark 0 - Red Deer 0 |
BOTTOM OF THE 2ND |
Red Deer Wranglers batting - Pitching for Bismark Border Guards : RHP Michael Morris
|
Batting: RHB Steve Burton
|
0-0: Ball 1-0: Foul Ball, location: 2F 1-1: Ball 2-1: Ball 3-1: Base on Balls
|
Batting: RHB Julián García
|
0-0: Ball 1-0: Swinging Strike 1-1: Ball 2-1: Fly out, F9 (Flyball, 9LM)
|
Batting: RHB Rijk de Rade
|
0-0: Called Strike 0-1: Ball 1-1: Foul Ball, location: 2F 1-2: Foul Ball, location: 2F 1-2: Strikes out swinging
|
Batting: RHB Ben Fisher
|
0-0: Ball Pickoff Throw to First - Error! E1 Steve Burton to second 1-0: Swinging Strike 1-1: Ball 2-1: Foul Ball, location: 2F 2-2: Strikes out swinging
|
Bottom of the 2nd over - 0 runs, 0 hits, 1 error, 1 left on base; Bismark 0 - Red Deer 0 |
TOP OF THE 3RD |
Bismark Border Guards batting - Pitching for Red Deer Wranglers : RHP José Fernández
|
Batting: RHB Mario Carranza
|
0-0: Called Strike 0-1: Fly out, F8 (Flyball, 78XD)
|
Batting: LHB Manuel Pérez
|
0-0: Ball 1-0: Ball 2-0: Foul Ball, location: 2F 2-1: Swinging Strike 2-2: Ball 3-2: Ground out U3 (Groundball, 3L)
|
Batting: LHB Kelsey Scott
|
0-0: Ball 1-0: Ground out 6-3 (Groundball, 6S)
|
Top of the 3rd over - 0 runs, 0 hits, 0 errors, 0 left on base; Bismark 0 - Red Deer 0 |
BOTTOM OF THE 3RD |
Red Deer Wranglers batting - Pitching for Bismark Border Guards : RHP Michael Morris
|
Batting: RHB Allen Brown
|
0-0: Called Strike 0-1: Ball 1-1: Ball 2-1: Swinging Strike 2-2: Ball 3-2: Ground out 6-3 (Groundball, 6)
|
Batting: RHB Art Cameron
|
0-0: Called Strike 0-1: Ball 1-1: Fly out, F5 (Flyball, 5D)
|
Batting: LHB Francisco Blanco
|
0-0: Ball 1-0: Foul Ball, location: 2F 1-1: SINGLE (Groundball, 34D)
|
Batting: RHB Xavier López
|
0-0: Called Strike 0-1: Swinging Strike 0-2: Ball 1-2: Ball Francisco Blanco steals 2nd base 2-2: Foul Ball, location: 2F 2-2: Strikes out swinging
|
Bottom of the 3rd over - 0 runs, 1 hit, 0 errors, 1 left on base; Bismark 0 - Red Deer 0 |
TOP OF THE 4TH |
Bismark Border Guards batting - Pitching for Red Deer Wranglers : RHP José Fernández
|
Batting: RHB Warren Martin
|
0-0: Ball 1-0: Ball 2-0: Called Strike 2-1: Ball 3-1: SOLO HOME RUN (Flyball, 7D), Distance : 349 ft
|
Batting: RHB Vincent Braun
|
0-0: Ball 1-0: Called Strike 1-1: Fly out, F6 (Popup, 56)
|
Batting: RHB Enrique Soto
|
0-0: Ball 1-0: Fly out, F8 (Flyball, 78D)
|
Batting: RHB Enrique Mendoza
|
0-0: Ball 1-0: Ball 2-0: Ball 3-0: Base on Balls
|
Batting: RHB Danny Spode
|
0-0: Ground out 5-3 (Groundball, 56S)
|
Top of the 4th over - 1 run, 1 hit, 0 errors, 1 left on base; Bismark 1 - Red Deer 0 |
BOTTOM OF THE 4TH |
Red Deer Wranglers batting - Pitching for Bismark Border Guards : RHP Michael Morris
|
Batting: RHB Pedro Cabrera
|
0-0: Called Strike 0-1: Ball 1-1: Swinging Strike 1-2: Ball 2-2: Ball 3-2: Foul Ball, location: 2F 3-2: Foul Ball, location: 2F 3-2: DOUBLE (Groundball, 5L)
|
Batting: RHB Steve Burton
|
0-0: Swinging Strike 0-1: Called Strike 0-2: Ball 1-2: 2-RUN HOME RUN (Flyball, 7LD), Distance : 312 ft
|
Batting: RHB Julián García
|
0-0: Swinging Strike 0-1: Ball 1-1: Fly out, F9 (Flyball, 89M)
|
Batting: RHB Rijk de Rade
|
0-0: Foul Ball, location: 2F 0-1: Ground out 4-3 (Groundball, 4)
|
Batting: RHB Ben Fisher
|
0-0: Fly out, F9 (Flyball, 89D)
|
Bottom of the 4th over - 2 runs, 2 hits, 0 errors, 0 left on base; Bismark 1 - Red Deer 2 |
TOP OF THE 5TH |
Bismark Border Guards batting - Pitching for Red Deer Wranglers : RHP José Fernández
|
Batting: RHB Doug Williams
|
0-0: Ball 1-0: Called Strike 1-1: Ball 2-1: Called Strike 2-2: Strikes out swinging, 2-3 out at first.
|
Batting: RHB Mario Carranza
|
0-0: Called Strike 0-1: Swinging Strike 0-2: Strikes out swinging, 2-3 out at first.
|
Batting: LHB Manuel Pérez
|
0-0: Called Strike 0-1: Ball 1-1: Foul Ball, location: 2F 1-2: Strikes out swinging
|
Top of the 5th over - 0 runs, 0 hits, 0 errors, 0 left on base; Bismark 1 - Red Deer 2 |
BOTTOM OF THE 5TH |
Red Deer Wranglers batting - Pitching for Bismark Border Guards : RHP Michael Morris
|
Batting: RHB Allen Brown
|
0-0: Called Strike 0-1: Ball 1-1: Foul Ball, location: 2F 1-2: Strikes out swinging
|
Batting: RHB Art Cameron
|
0-0: Ball 1-0: Foul Ball, location: 2F 1-1: Ball 2-1: Foul Ball, location: 2F 2-2: Foul Ball, location: 2F 2-2: Ball 3-2: Ground out 4-3 (Groundball, 4)
|
Batting: LHB Francisco Blanco
|
0-0: Swinging Strike 0-1: Ball 1-1: Ball 2-1: Swinging Strike 2-2: Ball 3-2: Strikes out looking
|
Bottom of the 5th over - 0 runs, 0 hits, 0 errors, 0 left on base; Bismark 1 - Red Deer 2 |
TOP OF THE 6TH |
Bismark Border Guards batting - Pitching for Red Deer Wranglers : RHP José Fernández
|
Batting: LHB Kelsey Scott
|
0-0: Ball 1-0: Foul Ball, location: 2F 1-1: Swinging Strike 1-2: DOUBLE (Line Drive, 5D)
|
Batting: RHB Warren Martin
|
0-0: Ball 1-0: Fly out, F8 (Flyball, 89D) Runner from 2nd tags up, SAFE at 3rd, no throw
|
Batting: RHB Vincent Braun
|
0-0: SINGLE (Groundball, 56D) Kelsey Scott scores
|
Batting: RHB Enrique Soto
|
0-0: Swinging Strike 0-1: Fly out, F7 (Flyball, 7LSF)
|
Batting: RHB Enrique Mendoza
|
0-0: Ball 1-0: SINGLE (Groundball, 56) (infield hit) Vincent Braun to second
|
Pinch Runner at 2nd Júlio Romano:
|
|
Batting: RHB Danny Spode
|
0-0: Ball 1-0: Foul Ball, location: 2F 1-1: Swinging Strike 1-2: Foul Ball, location: 2F 1-2: Ball 2-2: Ball 3-2: Base on Balls Júlio Romano to third Enrique Mendoza to second
|
Batting: RHB Doug Williams
|
0-0: Foul Ball, location: 2F 0-1: Called Strike 0-2: Ball 1-2: Strikes out swinging
|
Top of the 6th over - 1 run, 3 hits, 0 errors, 3 left on base; Bismark 2 - Red Deer 2 |
BOTTOM OF THE 6TH |
Red Deer Wranglers batting - Pitching for Bismark Border Guards : RHP Michael Morris
|
Batting: RHB Xavier López
|
0-0: Ball 1-0: Ground out 6-3 (Groundball, 6)
|
Batting: RHB Pedro Cabrera
|
0-0: Ball 1-0: Ball 2-0: Called Strike 2-1: Ball 3-1: Called Strike 3-2: Ground out 4-3 (Groundball, 4)
|
Batting: RHB Steve Burton
|
0-0: Called Strike 0-1: Ball 1-1: Ball 2-1: Foul Ball, location: 2F 2-2: Ball 3-2: Strikes out looking
|
Bottom of the 6th over - 0 runs, 0 hits, 0 errors, 0 left on base; Bismark 2 - Red Deer 2 |
TOP OF THE 7TH |
Bismark Border Guards batting - Pitching for Red Deer Wranglers : RHP José Fernández
|
Batting: RHB Mario Carranza
|
0-0: Ball 1-0: Ball 2-0: Foul Ball, location: 2F 2-1: Foul Ball, location: 2F 2-2: Strikes out swinging
|
Pinch Hitting: LHB Alan Moore
|
0-0: Called Strike 0-1: Ground out 4-3 (Groundball, 4)
|
Batting: LHB Kelsey Scott
|
0-0: Swinging Strike 0-1: Swinging Strike 0-2: Foul Ball, location: 2F 0-2: Ball 1-2: Foul Ball, location: 2F 1-2: Strikes out swinging
|
Top of the 7th over - 0 runs, 0 hits, 0 errors, 0 left on base; Bismark 2 - Red Deer 2 |
BOTTOM OF THE 7TH |
Red Deer Wranglers batting - Pitching for Bismark Border Guards : RHP Michael Morris
|
Pitching: LHP David Vance
|
|
Now at SS: David Hernández
|
|
Batting: RHB Julián García
|
0-0: Ball 1-0: Ball 2-0: Fly out, F8 (Flyball, 89M)
|
Batting: RHB Rijk de Rade
|
0-0: SINGLE (Flyball, 8RS)
|
Batting: RHB Ben Fisher
|
0-0: Fly out, F7 (Flyball, 7)
|
Batting: RHB Allen Brown
|
0-0: Ball Rijk de Rade steals 2nd base 1-0: Swinging Strike 1-1: Swinging Strike 1-2: Foul Ball, location: 2F 1-2: Ball 2-2: Strikes out swinging
|
Bottom of the 7th over - 0 runs, 1 hit, 0 errors, 1 left on base; Bismark 2 - Red Deer 2 |
TOP OF THE 8TH |
Bismark Border Guards batting - Pitching for Red Deer Wranglers : RHP José Fernández
|
Pitching: RHP Dusty Smith
|
|
Batting: RHB Warren Martin
|
0-0: Called Strike 0-1: Ball 1-1: Fly out, F9 (Flyball, 9)
|
Batting: SHB Júlio Romano
|
0-0: Called Strike 0-1: Ball 1-1: Called Strike 1-2: Foul Ball, location: 2F 1-2: SINGLE (Groundball, 34D)
|
Batting: RHB Enrique Soto
|
0-0: Ball 1-0: Foul Ball, location: 2F 1-1: SINGLE (Line Drive, 7LS) Júlio Romano to second
|
Batting: RHB Enrique Mendoza
|
0-0: Called Strike Júlio Romano steals 3rd base Enrique Soto to second 0-1: Foul Ball, location: 2F 0-2: Ball 1-2: Ball 2-2: Ball 3-2: Intentional Walk
|
Batting: RHB Danny Spode
|
0-0: Called Strike 0-1: Grounds into fielders choice 5-2 (Groundball, 56) Enrique Soto to third Enrique Mendoza to second
|
Batting: RHB Doug Williams
|
0-0: Ball 1-0: Fly out, F8 (Flyball, 8RS)
|
Top of the 8th over - 0 runs, 2 hits, 0 errors, 3 left on base; Bismark 2 - Red Deer 2 |
BOTTOM OF THE 8TH |
Red Deer Wranglers batting - Pitching for Bismark Border Guards : LHP David Vance
|
Batting: RHB Art Cameron
|
0-0: Ball 1-0: Called Strike 1-1: Ball 2-1: SINGLE (Line Drive, 56D)
|
Batting: LHB Francisco Blanco
|
0-0: Called Strike 0-1: Called Strike Art Cameron steals 2nd base 0-2: Ground out 6-3 (Groundball, 56)
|
Batting: RHB Xavier López
|
0-0: Ball 1-0: Fly out, F4 (Popup, 4M)
|
Batting: RHB Pedro Cabrera
|
0-0: Ball 1-0: Ball 2-0: Called Strike 2-1: Ball 3-1: Foul Ball, location: 2F 3-2: Base on Balls
|
Batting: RHB Steve Burton
|
0-0: Called Strike 0-1: Foul Ball, location: 2F 0-2: Ball 1-2: Ball 2-2: Ball 3-2: Base on Balls Art Cameron to third Pedro Cabrera to second
|
Batting: RHB Julián García
|
0-0: Ball 1-0: DOUBLE (Line Drive, 9LM) Art Cameron scores Pedro Cabrera scores Steve Burton to third Runner from 3rd tries for Home, SAFE, throw made at trailing runner, OUT at third!
|
Bottom of the 8th over - 3 runs, 2 hits, 0 errors, 0 left on base; Bismark 2 - Red Deer 5 |
TOP OF THE 9TH |
Bismark Border Guards batting - Pitching for Red Deer Wranglers : RHP Dusty Smith
|
Pitching: RHP Raúl Zumaya
|
|
Batting: RHB Mario Carranza
|
0-0: Swinging Strike 0-1: Ball 1-1: Swinging Strike 1-2: Strikes out swinging
|
Batting: LHB David Hernández
|
0-0: Called Strike 0-1: Swinging Strike 0-2: Foul Ball, location: 2F 0-2: Foul Ball, location: 2F 0-2: Ball 1-2: Ball 2-2: Ball 3-2: SOLO HOME RUN (Flyball, 9LD), Distance : 335 ft
|
Batting: LHB Kelsey Scott
|
0-0: Ball 1-0: Foul Ball, location: 2F 1-1: Called Strike 1-2: SINGLE (Groundball, 4MD)
|
Batting: RHB Warren Martin
|
0-0: Called Strike 0-1: Ball 1-1: Ball 2-1: Called Strike 2-2: Grounds into double play, 1-6-3 (Groundball, 13)
|
Top of the 9th over - 1 run, 2 hits, 0 errors, 0 left on base; Bismark 3 - Red Deer 5 |
|